Map: Zen LE

Players

puCK (Nina)

  • Race: Protoss Protoss
  • League: Grandmaster
  • Spawn Location: 7:00

Vindicta - Winner!

  • Race: Terran Terran
  • League: Master
  • Spawn Location: 1:00

Event: Cheeseadelphia XI, Cheeseadelphia XI

VOD

Have the link to the VOD?

Description

Time

  • Played on: Dec. 15, 2019, 11:41 a.m.
  • Length: 10:11

All games in this series

Show
View Real Time Build Order
Export as new Build Order

puCK Protoss 

Build Orders: 1 Gate Expand 

Get SALT Encoding   

  12  0:00  Probe  
  13  0:12  Probe  
  14  0:18  Pylon  
  14  0:25  Probe  
  15  0:36  Gateway  
  15  0:38  Probe (Chrono Boost)  
  16  0:49  Probe (Chrono Boost), Assimilator  
  17  0:54  Probe (Chrono Boost)  
  19  1:04  Probe  
  19  1:16  Probe  
  20  1:24  Cybernetics Core  
  20  1:36  Nexus  
  20  1:39  Probe  
  21  1:49  Pylon  
  22  1:56  Assimilator  
  22  1:58  Stalker (Chrono Boost)  
  23  2:08  Probe  
  24  2:09  Shield Battery  
  24  2:19  Stalker (Chrono Boost)  
  24  2:20  Probe  
  27  2:31  Warp Gate  
  27  2:32  Probe  
  28  2:41  Stalker  
  31  2:44  Probe  
  31  2:48  Probe  
  32  2:56  Probe  
  32  2:57  Robotics Facility  
  33  3:03  Probe (Chrono Boost)  
  35  3:14  Probe (Chrono Boost)  
  35  3:15  Probe (Chrono Boost)  
  36  3:23  Probe x2 (Chrono Boost)  
  38  3:30  Probe (Chrono Boost)  
  38  3:32  Probe (Chrono Boost)  
  38  3:33  Gateway  
  40  3:35  Probe (Chrono Boost)  
  40  3:40  Pylon  
  41  3:41  Probe  
  41  3:46  Probe  
  41  3:47  Observer  
  41  3:53  Probe  
  36  3:59  Probe  
  35  4:06  Probe  
  35  4:07  Robotics Bay  
  36  4:11  Probe  
  37  4:18  Probe (Chrono Boost)  
  37  4:20  Warp Prism  
  37  4:22  Sentry  
  43  4:28  Probe (Chrono Boost)  
  43  4:30  Probe (Chrono Boost)  
  44  4:34  Phoenix  
  44  4:35  Probe (Chrono Boost), Sentry  
  44  4:37  Probe (Chrono Boost)  
  48  4:44  Probe  
  49  4:47  Probe  
  50  4:56  Disruptor, Probe, Gravitic Drive (Chrono Boost)  
  50  4:59  Probe  
  54  5:04  Pylon  
  54  5:05  Assimilator  
  54  5:10  Gateway  
  54  5:17  Pylon  
  54  5:22  Probe x2  
  54  5:25  Stalker x2, Shield Battery  
  60  5:33  Observer  
  60  5:34  Probe  
  60  5:35  Probe  
  63  5:43  Twilight Council  
  63  5:46  Probe  
  63  5:47  Probe  
  63  5:48  Zealot  
  67  5:58  Probe  
  67  5:59  Probe  
  69  6:11  Probe  
  70  6:17  Zealot x3  
  68  6:19  Colossus  
  68  6:20  Probe  
  68  6:25  Stalker x3  
  67  6:30  Gateway  
  67  6:33  Gateway  
  67  6:36  Gateway  
  67  6:39  Gateway  
  67  6:40  Gateway  
  67  6:43  Pylon  
  67  6:48  Charge (Chrono Boost)  
  67  6:52  Pylon, Zealot  
  67  6:53  Pylon  
  69  6:55  Pylon  
  69  6:56  Pylon  
  69  7:02  Stalker  
  67  7:10  Stalker  
  67  7:12  Stalker  
  58  7:21  Warp Prism  
  47  7:24  Stalker  
  47  7:26  Stalker  
  47  7:29  Stalker  
  53  7:32  Zealot  
  53  7:33  Zealot  
  55  7:39  Zealot  
  47  7:45  Stalker  
  47  7:48  Zealot  
  47  7:50  Stalker, Pylon  
  51  7:52  Zealot  
  53  8:01  Zealot x2  
  53  8:04  Stalker  
  59  8:09  Stalker  
  57  8:21  Probe (Chrono Boost)  
  57  8:23  Probe (Chrono Boost)  
  57  8:25  Disruptor  
  62  8:33  Probe (Chrono Boost)  
  63  8:44  Sentry  
  63  8:47  Nexus  
  65  8:50  Probe  
  66  8:56  Probe  
  66  9:01  Disruptor  
  66  9:02  Probe  
  71  9:13  Nexus, Probe  
  71  9:14  Probe  
  73  9:25  Probe  
  73  9:26  Probe  
  73  9:28  Robotics Facility  
  75  9:33  Forge  
  75  9:37  Probe  
  76  9:38  Probe  
  76  9:42  Zealot x2  
  76  9:44  Zealot  
  83  9:48  Zealot  
Show
View Real Time Build Order
Export as new Build Order

Vindicta Terran - Winner!

Build Orders:  

Get SALT Encoding   

  12  0:00  SCV  
  13  0:12  SCV  
  14  0:17  Supply Depot  
  14  0:24  SCV  
  15  0:39  SCV  
  15  0:40  Barracks  
  16  0:44  Refinery  
  16  0:51  SCV  
  17  1:03  SCV  
  18  1:15  SCV  
  19  1:27  Marine  
  19  1:28  Orbital Command  
  20  1:46  Command Center  
  20  1:52  Barracks Reactor  
  20  2:03  Factory  
  20  2:04  SCV  
  21  2:10  Supply Depot  
  21  2:16  SCV  
  21  2:21  Bunker  
  22  2:28  Marine  
  23  2:32  SCV, Marine  
  23  2:34  Refinery  
  25  2:44  SCV  
  26  2:56  SCV  
  26  3:00  Hellion x2  
  26  3:01  Barracks Tech Lab  
  30  3:09  Orbital Command  
  30  3:12  SCV  
  30  3:28  Siege Tank, Marine x2  
  30  3:31  SCV  
  36  3:37  Orbital Command  
  36  3:39  Starport  
  36  3:41  SCV  
  37  3:45  SCV  
  37  3:47  Marine  
  40  3:55  Marine  
  40  3:57  SCV  
  40  4:02  Siege Tank  
  42  4:03  SCV  
  42  4:08  Supply Depot  
  43  4:11  SCV  
  43  4:15  SCV  
  43  4:16  Starport Tech Lab  
  43  4:18  Marine x2  
  43  4:23  SCV  
  46  4:29  SCV  
  46  4:31  Supply Depot  
  47  4:34  Banshee, Cloaking Field  
  47  4:35  SCV  
  51  4:42  SCV  
  51  4:43  Marine x2  
  55  4:52  SCV  
  55  4:54  SCV  
  55  4:55  Siege Tank  
  55  4:57  Supply Depot  
  59  5:02  Supply Depot, Marine  
  59  5:03  Marine  
  59  5:05  SCV  
  62  5:18  Banshee, SCV x2  
  67  5:27  Command Center  
  67  5:30  SCV x2  
  67  5:32  Siege Tank  
  72  5:39  Marine  
  72  5:40  Supply Depot  
  74  5:44  SCV  
  74  5:50  Barracks  
  74  5:52  SCV  
  74  5:54  Barracks  
  74  5:55  Marine  
  74  5:56  SCV  
  79  6:04  SCV, Siege Tank  
  72  6:18  SCV  
  72  6:20  SCV  
  72  6:21  Refinery  
  72  6:22  Refinery  
  72  6:23  Banshee  
  77  6:29  Engineering Bay  
  77  6:30  Engineering Bay, SCV, Supply Depot  
  77  6:32  SCV  
  75  6:41  Barracks Tech Lab  
  75  6:43  SCV  
  75  6:44  SCV  
  74  6:51  Orbital Command, Barracks Tech Lab  
  74  6:55  SCV  
  74  6:56  SCV  
  76  7:03  Stimpack  
  76  7:04  Barracks, Marauder  
  76  7:07  SCV, Supply Depot  
  76  7:08  SCV  
  76  7:09  Barracks  
  76  7:10  Marine  
  76  7:17  Combat Shield  
  76  7:19  SCV, Marauder  
  76  7:20  SCV  
  76  7:21  Siege Tank  
  74  7:26  Starport Reactor  
  74  7:27  Orbital Command  
  73  7:30  Terran Infantry Weapons Level 1  
  73  7:31  SCV  
  73  7:33  SCV  
  73  7:34  Marine  
  73  7:35  Marine  
  73  7:36  Marauder  
  79  7:41  Marauder  
  79  7:43  SCV  
  79  7:47  SCV  
  79  7:50  Terran Infantry Armor Level 1  
  80  7:52  Marine  
  80  7:53  SCV  
  80  7:55  SCV  
  80  7:58  Marauder  
  85  7:59  Barracks Reactor, SCV  
  85  8:02  Marauder  
  85  8:03  Refinery  
  85  8:05  SCV, Refinery  
  89  8:07  SCV  
  89  8:08  Marauder, Marine  
  89  8:12  SCV  
  94  8:17  SCV  
  94  8:19  SCV, Marauder  
  95  8:21  Sensor Tower  
  95  8:23  Marauder  
  95  8:24  SCV  
  95  8:26  Marine x2, Sensor Tower  
  97  8:29  SCV, Medivac  
  97  8:31  SCV  
  97  8:34  Medivac  
  105  8:36  SCV  
  105  8:38  Supply Depot x2  
  105  8:40  Marine  
  105  8:41  SCV  
  108  8:43  SCV  
  108  8:44  Marine, Concussive Shells  
  108  8:45  Marauder  
  108  8:48  SCV  
  111  8:49  Armory  
  111  8:50  Missile Turret  
  111  8:53  Missile Turret, SCV, Marauder, Marine  
  112  8:56  SCV  
  112  8:58  Marauder  
  112  8:59  Medivac  
  112  9:02  Marine  
  118  9:06  Marauder  
  118  9:07  Medivac  
  120  9:10  Marine  
  120  9:14  Missile Turret x2  
  120  9:15  Marauder  
  120  9:16  Missile Turret  
  123  9:19  Marine  
  123  9:20  Marine  
  125  9:25  Command Center  
  125  9:27  Marine  
  125  9:28  Marine  
  125  9:29  Medivac  
  125  9:31  Barracks x2  
  130  9:37  Marine  
  133  9:41  Supply Depot  
  133  9:42  Supply Depot  
  133  9:44  Supply Depot  
  133  9:46  Supply Depot  
  133  9:47  Marine  
Tags
 
Add a new tag
Caveats
  • Supply blocks, unpowered buildings, or Contaminate may cause inaccurate times.
  • Supply counts are checked every 10 seconds.